 Dungeon Crawl Stone Soup version 0.25.1-2-g60ff931df9 (webtiles) character file.

Game seed: 9324041401594802817

616 swilekon the Skirmisher (level 7, -7/51 HPs)
             Began as an Octopode Fighter on Nov 14, 2020.
             Was a Follower of Okawaru.
             Mangled by an ice beast (10 damage)
             ... on level 5 of the Dungeon.
             The game lasted 00:10:22 (4735 turns).

swilekon the Skirmisher (Octopode Fighter)          Turns: 4735, Time: 00:10:23

Health: -7/51      AC:  1    Str: 17    XL:     7   Next: 45%
Magic:  7/7        EV: 12    Int: 10    God:    Okawaru [*.....]
Gold:   244        SH:  9    Dex: 12    Spells: 6/6 levels left

rFire    + . .     SeeInvis .   a - +0 war axe
rCold    x . .     Gourm    .   b - +0 kite shield
rNeg     . . .     Faith    .   (helmet restricted)
rPois    +         Spirit   .   (no amulet)
rElec    .         Reflect  .   l - ring of poison resistance
rCorr    .         Harm     .   u - ring of fire
MR       .....                  (no ring)
Stlth    ++++......             (no ring)
HPRegen  0.17/turn              (no ring)
MPRegen  0.10/turn              (no ring)
                                (no ring)
                                (no ring)

@: no status effects
A: almost no armour, stealthy swim, amphibious, 8 rings, constrict 8, camouflage
1, gelatinous body 1
a: Heroism, Renounce Religion


You were on level 5 of the Dungeon.
You worshipped Okawaru.
Okawaru was aware of your devotion.
You were not hungry.

You visited 2 branches of the dungeon, and saw 6 of its levels.

You collected 244 gold pieces.

Inventory:

Hand Weapons
 a - a +0 war axe (weapon)
Armour
 b - a +0 kite shield (worn)
Jewellery
 l - a ring of poison resistance (left tentacle)
 u - a ring of fire (right tentacle)
Wands
 w - a wand of random effects (14)
Scrolls
 g - a scroll of teleportation {unknown}
 i - 2 scrolls of random uselessness {unknown}
 j - 2 scrolls of immolation {unknown}
 k - 5 scrolls of identify
 m - 3 scrolls of magic mapping
 o - 2 scrolls of fog {unknown}
 r - a scroll of enchant weapon {unknown}
 s - a scroll of enchant armour {unknown}
 t - 4 scrolls of remove curse
 v - a scroll of amnesia {unknown}
 x - a scroll of noise {unknown}
 y - a scroll of blinking {unknown}
Potions
 c - 2 potions of might
 e - 2 potions of resistance {unknown}
 f - 3 potions of heal wounds {unknown}
 h - a potion of berserk rage {unknown}
 n - a potion of lignification {unknown}
 p - 3 potions of curing {unknown}
 q - 2 potions of mutation {unknown}
Comestibles
 d - 9 rations


   Skills:
 * Level 5.7 Fighting
 + Level 3.9 Axes
 - Level 3.0 Dodging
 + Level 4.5 Stealth
 + Level 4.6 Shields


You had 6 spell levels left.
You didn't know any spells.
Your spell library was empty.

Dungeon Overview and Level Annotations

Branches:
Dungeon (5/15)             Temple (1/1) D:4

Altars:
Ashenzari
Cheibriados
Dithmenos
Elyvilon
Fedhas
Hepliaklqana
Kikubaaqudgha
Makhleb
Okawaru
Ru
Sif Muna
Uskayaw
Xom
The Shining One


Innate Abilities, Weirdness & Mutations

You cannot wear most types of armour.
You are very stealthy in the water. (Stealth+)
You are amphibious.
You can wear up to eight rings at the same time.
You can use your tentacles to constrict eight enemies at once.
Your skin changes colour to match your surroundings (Stealth+).
Your rubbery body absorbs attacks. (AC +1, EV +1)


Message History

You hit the ice beast but do no damage.
The ice beast is moderately wounded.
The ice beast hits you. The ice beast freezes you!
You feel a terrible chill! You block the ice beast's attack.
You slash the ice beast!
The ice beast is heavily wounded.
The ice beast hits you. The ice beast freezes you!!
You feel a terrible chill!
You are too injured to fight recklessly!
You slash the ice beast! Your squeeze misses the ice beast.
The ice beast is almost dead.
The ice beast hits you.
* * * LOW HITPOINT WARNING * * *
The ice beast freezes you!
You feel a terrible chill!
* * * LOW HITPOINT WARNING * * *
You closely miss the ice beast.
The ice beast is almost dead.
The ice beast hits you.
* * * LOW HITPOINT WARNING * * *
The ice beast freezes you!
You feel a terrible chill!
You die...

#.# #.# #.# #
..# .##.# ..
#.. ... # .
#.##.##.. .
#Y...<... .. #.
#@.......
...#.##.....###
)........#.##
#........# #
###.##.##..##
.. #.##...#
#.##......#
#...###...#
###.....######
###


You could see an ice beast.

Vanquished Creatures
  2 ogres
  A centaur (D:5)
  A scorpion (D:4)
  2 orc priests (D:4)
  2 orc wizards
  2 worker ants
  A hound skeleton (D:4)
  7 adders
  3 worms
  A dart slug (D:1)
  A leopard gecko (D:1)
  8 orcs
  A ball python (D:4)
  2 giant cockroaches
  7 goblins
  4 hobgoblins (D:1)
  6 kobolds
  2 quokkas (D:4)
  5 bats
  13 frilled lizards
  A leopard gecko skeleton (D:4)
  5 rats
77 creatures vanquished.

Notes
Turn   | Place    | Note
-------+----------+-------------------------------------------
     0 | D:1      | swilekon the Octopode Fighter began the quest for the Orb.
     0 | D:1      | Reached XP level 1. HP: 16/16 MP: 1/1
   344 | D:1      | Reached XP level 2. HP: 21/21 MP: 2/2
   890 | D:1      | Reached XP level 3. HP: 20/26 MP: 3/3
  1156 | D:2      | Reached skill level 1 in Stealth
  1720 | D:2      | You fall into a shaft and drop 2 floors!
  1726 | D:4      | Reached XP level 4. HP: 24/33 MP: 4/4
  1870 | D:4      | Found a shimmering blue altar of Sif Muna.
  1968 | D:4      | Reached skill level 4 in Fighting
  2023 | D:4      | Reached XP level 5. HP: 37/37 MP: 5/5
  2059 | D:4      | Noticed an ogre
  2860 | D:2      | Found a shadowy altar of Dithmenos.
  3681 | D:4      | Found a staircase to the Ecumenical Temple.
  3699 | D:4      | Reached XP level 6. HP: 37/44 MP: 6/6
  3719 | Temple   | Entered the Ecumenical Temple
  3807 | Temple   | Became a worshipper of Warmaster Okawaru
  3851 | D:4      | Reached skill level 5 in Fighting
  4388 | D:5      | Entered Level 5 of the Dungeon
  4442 | D:5      | Reached XP level 7. HP: 50/50 MP: 7/7
  4460 | D:5      | Reached * piety under Okawaru
  4735 | D:5      | Mangled by an ice beast

Illustrated notes

Levels and vault maps discovered:
D:1:      onia_arrival_mini_maze_b, layout_basic
D:2:      layout_basic, nicolae_overflow_hidden_temple
D:3:      layout_loops_ring
D:4:      layout_basic, minmay_temple_entry_statues, first_ration,
          lemuel_blue_sif_altar
D:5:      layout_loops_cross, ebering_ghost_rock_garden,
          chequers_serial_rivers_micro_d, kennysheep_generic_room_9
Temple:   cyrus_circular_temple

Skill      XL: |  1  2  3  4  5  6 |
---------------+-------------------+-----
Stealth        | 1 2 3 4 |  4.5
Fighting       | 4 5 |  5.7
Axes           | 3 |  3.9
Shields        | 4 |  4.6
Dodging        | |  3.0

Action                   |  1- 3 |  4- 6 |  7- 9 || total
-------------------------+-------+-------+-------++-------
Melee: War axe           |    69 |    75 |    13 ||   157
       Constrict         |    15 |    19 |       ||    34
       Tentacles         |    10 |    18 |       ||    28
  Use: Scroll            |     2 |       |       ||     2
 Stab: Sleeping          |     3 |    13 |     1 ||    17
  Eat: Chunk             |     3 |     8 |     1 ||    12
Armor: Skin              |     7 |     7 |       ||    14
Dodge: Dodged            |    20 |    26 |     7 ||    53
Block: Kite shield       |    25 |    30 |     8 ||    63
